 Dungeon Crawl Stone Soup version 0.20-b1-24-gb21faa7 (webtiles) character file.

1813 SedStubbie the Covert (level 8, -13/40 HPs)
             Began as a Spriggan Assassin on May 25, 2017.
             Was a Believer of Dithmenos.
             Mangled by an orc warrior
             ... wielding a +0 halberd
              (15 damage)
             ... on level 7 of the Dungeon.
             The game lasted 00:41:55 (8484 turns).

SedStubbie the Covert (Spriggan Assassin)           Turns: 8484, Time: 00:41:55

Health: -13/40     AC:  9    Str:  9    XL:     8   Next: 84%
Magic:  9/9        EV: 16    Int: 18    God:    Dithmenos [**....]
Gold:   288        SH:  9    Dex: 18    Spells: 7/7 levels left

rFire    + + .     SeeInvis +   a - +1 dagger (drain)
rCold    . . .     Gourm    .   A - +1 buckler
rNeg     + + +     Faith    .   y - +0 fire dragon scales "Lumunakh" {*Drain rF++ rC- rN+++ Int+6}
rPois    .         Spirit   .   (helmet restricted)
rElec    .         Reflect  .   r - +0 cloak
rCorr    .         Harm     .   (gloves unavailable)
MR       +....                  (boots unavailable)
Stlth    +++.......             (no amulet)
Regen    0.2/turn               F - ring of protection from cold
MPRegen  0.2/turn               J - +2 ring of evasion

@: wreathed by umbra, very quick
A: unfitting armour, see invisible, herbivore 3, speed 3, slow metabolism 2
a: Shadow Step, Renounce Religion


You were on level 7 of the Dungeon.
You worshipped Dithmenos.
Dithmenos was pleased with you.
You were full.

You visited 2 branches of the dungeon, and saw 9 of its levels.

You collected 288 gold pieces.

Inventory:

Hand Weapons
 a - a +1 dagger of draining (weapon)
 b - a +0 blowgun
 l - a +2 dagger
 u - a +0 shortbow
Missiles
 f - 8 curare-tipped needles
 z - 33 bolts
 B - 96 arrows
 G - 5 poisoned needles
Armour
 c - a +0 robe
 d - a +0 cloak
 r - a +0 cloak (worn)
 y - the +0 fire dragon scales "Lumunakh" (worn) {*Drain rF++ rC- rN+++ Int+6}
   (You found it on level 4 of the Dungeon)

   It affects your intelligence (+6).
   It greatly protects you from fire.
   It makes you vulnerable to cold.
   It renders you almost immune to negative energy.
   It causes draining when unequipped.
 A - a +1 buckler (worn)
Jewellery
 i - an uncursed ring of fire
 w - an uncursed ring of ice
 E - an uncursed ring of positive energy
 F - a ring of protection from cold (left hand)
 J - a +2 ring of evasion (right hand)
Scrolls
 e - a scroll of enchant weapon
 h - 7 scrolls of remove curse
 j - 2 scrolls of recharging
 k - a scroll of identify
 n - a scroll of enchant armour
 o - 3 scrolls of fog
 s - a scroll of magic mapping
 H - a scroll of holy word
 L - a scroll of noise {unknown}
Potions
 m - a potion of curing
 p - a potion of haste
 t - a potion of degeneration {unknown}
 v - a potion of berserk rage {unknown}
 x - a potion of brilliance {unknown}
 C - a potion of magic {unknown}
 D - a potion of heal wounds {unknown}
 I - a potion of resistance {unknown}
 M - a potion of agility {unknown}
Comestibles
 g - 3 bread rations


   Skills:
 + Level 3.5 Fighting
 + Level 5.7 Short Blades
 - Level 2.0 Throwing
 - Level 0.8 Armour
 + Level 5.6 Dodging
 + Level 8.6 Stealth
 - Level 5.6 Shields


You had 7 spell levels left.
You didn't know any spells.

Dungeon Overview and Level Annotations

Branches:
Dungeon (8/15)             Temple (1/1) D:7
   Lair: D:8-11

Altars:
Ashenzari
Dithmenos
Hepliaklqana
Makhleb
Okawaru
Qazlal
Ru
Vehumet
Yredelemnul
Zin

Annotations:
D:4 Eustachio
D:7 Exporg's ghost, novice MiBe
D:8 Prince Ribbit


Innate Abilities, Weirdness & Mutations

You are very small and have problems with some larger weapons.
You are too small for most types of armour.
You have supernaturally acute eyesight. (SInv)
You are a herbivore.
You cover ground extremely quickly.
You need consume almost no food.


Message History

You hit the hound.
The hound is lightly wounded.
You block the hound's attack. You block the orc priest's attack.
The orc warrior hits you from afar with a halberd.
Unknown command.
Okay, then.
Okay, then.
Okay, then.
Okay, then.
Okay, then.
Unknown command.
Okay, then.
Okay, then.
Okay, then.
You fail to use your ability.
You block the hound's attack.
The orc priest calls down the wrath of Beogh upon you.
Beogh smites you!
* * * LOW HITPOINT WARNING * * *
The orc warrior hits you from afar with a halberd!
You die...

### ..# # #.# ##.
#.# .##...#>######
#######
ho.....>.oo@.#
#.....#
.o#...###.##h##
###'###.# #...#
#...W.###.....#.##
$.#
#.[.....#.###.#..#
.
....#...#.'.#>#.'.#
#..
#.#.##..###.#'#.#.#
#.# ..
#.##.#.##.....#.#
###.### #
#.#.###.###'###.#
...... ##<#.####.#
#.#


You could see an orc warrior, a hound, an orc priest and Exporg's ghost.

Vanquished Creatures
  Menkaure (D:6)
  Edmund (D:6)
  2 sky beasts
  A phantom (D:4)
  3 centaurs
  An ogre (D:5)
  A bullfrog (D:6)
  Blork the orc (D:6)
  A jelly (D:6)
  A howler monkey (D:5)
  A crimson imp (D:6)
  3 hounds (D:7)
  A bullfrog skeleton (D:6)
  5 orc wizards
  2 iguanas
  2 worker ants (D:4)
  2 howler monkey skeletons (D:5)
  15 gnolls
  9 adders
  A shadow imp (D:5)
  An ooze (D:1)
  An adder zombie (D:5)
  4 worms
  2 dart slugs (D:2)
  3 leopard geckos
  15 orcs
  A ball python (D:3)
  5 bats (D:1)
  2 giant cockroaches
  10 goblins
  11 hobgoblins
  5 jackals
  10 kobolds
  A quokka (D:3)
  5 frilled lizards
  5 rats
135 creatures vanquished.

Notes
Turn   | Place    | Note
-------+----------+-------------------------------------------
     0 | D:1      | SedStubbie the Spriggan Assassin began the quest for the Orb.
     0 | D:1      | Reached XP level 1. HP: 10/10 MP: 2/2
   191 | D:1      | Reached skill level 6 in Stealth
   191 | D:1      | Reached XP level 2. HP: 15/15 MP: 3/3
   824 | D:1      | Reached XP level 3. HP: 18/18 MP: 4/4
  1184 | D:2      | Noticed an air elemental
  1187 | D:2      | Found a stormy altar of Qazlal.
  1188 | D:2      | Noticed an earth elemental
  1188 | D:2      | Noticed a water elemental
  1188 | D:2      | Noticed a fire elemental
  1212 | D:2      | Reached XP level 4. HP: 23/23 MP: 5/5
  1628 | D:2      | Found an iron altar of Okawaru.
  1628 | D:2      | Found a faded altar of an unknown god.
  1633 | D:2      | Found a shadowy altar of Dithmenos.
  1635 | D:2      | Found a hazy altar of Hepliaklqana.
  1637 | D:2      | Found a basalt altar of Yredelemnul.
  1649 | D:2      | Became a worshipper of Dithmenos the Shadowed
  1904 | D:3      | Reached XP level 5. HP: 21/27 MP: 6/6
  2894 | D:4      | Got crude fire dragon scales
  2905 | D:4      | Identified the cursed +0 fire dragon scales "Lumunakh" {*Drain rF++ rC- rN+++ Int+6} (You found it on level 4 of the Dungeon)
  3192 | D:4      | Noticed a phantom
  3203 | D:4      | Killed a phantom
  3203 | D:4      | Reached skill level 7 in Stealth
  3203 | D:4      | Reached XP level 6. HP: 29/32 MP: 7/7
  3293 | D:4      | Noticed Eustachio
  3881 | D:4      | Reached skill level 1 in Shields
  4046 | D:5      | Entered Level 5 of the Dungeon
  4060 | D:4      | Reached * piety under Dithmenos
  4179 | D:5      | Noticed a sky beast
  4219 | D:5      | Killed a sky beast
  4219 | D:5      | Reached XP level 7. HP: 21/35 MP: 8/8
  6000 | D:6      | Reached XP level 8. HP: 39/39 MP: 9/9
  6030 | D:6      | Noticed Edmund
  6071 | D:6      | Killed Edmund
  6071 | D:6      | Reached skill level 5 in Shields
  6398 | D:6      | Found a radiant altar of Vehumet.
  6406 | D:6      | Noticed Menkaure
  6713 | D:6      | Killed Menkaure
  6930 | D:6      | Noticed Blork the orc
  6953 | D:6      | Killed Blork the orc
  6953 | D:6      | Reached skill level 5 in Short Blades
  7482 | D:6      | Reached skill level 8 in Stealth
  7659 | D:7      | Reached ** piety under Dithmenos
  7659 | D:7      | Reached skill level 5 in Dodging
  7799 | D:7      | Noticed Exporg's ghost (novice MiBe)
  8056 | D:7      | Found a staircase to the Ecumenical Temple.
  8083 | Temple   | Entered the Ecumenical Temple
  8131 | D:8      | Noticed Prince Ribbit
  8484 | D:7      | HP: 2/40 [orc priest/divine providence (14)]
  8484 | D:7      | Mangled by an orc warrior

Skill      XL: |  1  2  3  4  5  6  7  8 |
---------------+-------------------------+-----
Stealth        | 6 7 8 |  8.6
Fighting       | 2 3 |  3.5
Dodging        | 2 3 4 5 |  5.6
Short Blades   | 3 4 5 |  5.7
Shields        | 2 4 5 |  5.6
Throwing       | |  2.0
Armour         | |  0.8

Action                   |  1- 3 |  4- 6 |  7- 9 || total
-------------------------+-------+-------+-------++-------
Melee: Dagger            |    93 |   255 |   770 ||  1118
 Fire: Blowgun           |       |    26 |    32 ||    58
       Shortbow          |       |       |    26 ||    26
  Use: Scroll            |       |       |    15 ||    15
       Potion            |       |       |     3 ||     3
 Stab: Sleeping          |    13 |    17 |     5 ||    35
  Eat: Royal jelly       |       |     1 |     1 ||     2
       Fruit             |       |       |     2 ||     2
       Bread ration      |       |       |     1 ||     1
Armor: Robe              |     8 |     5 |       ||    13
       Fire dragon scale |       |    33 |   119 ||   152
Dodge: Dodged            |    69 |   132 |   339 ||   540
Block: Buckler           |       |    26 |   207 ||   233
